 Dungeon Crawl Stone Soup version 0.22-a0-825-ga28c36f (webtiles) character file.

84 corax the Skirmisher (level 4, -1/35 HPs)
             Began as a Mummy Fighter on July 24, 2018.
             Slain by a howler monkey (5 damage)
             ... on level 4 of the Dungeon.
             The game lasted 00:03:38 (1646 turns).

corax the Skirmisher (Mummy Fighter)                Turns: 1646, Time: 00:03:39

Health: -1/35      AC:  6    Str: 20    XL:     4   Next: 24%
Magic:  4/4        EV:  9    Int:  7    God:
Gold:   108        SH:  0    Dex: 11    Spells: 3/3 levels left

rFire    x . .     SeeInvis .   a - +0 long sword
rCold    + . .     Gourm    .   (no shield)
rNeg     + + +     Faith    .   b - +0 scale mail
rPois    ∞         Spirit   .   (no helmet)
rElec    .         Reflect  .   (no cloak)
rCorr    .         Harm     .   (no gloves)
MR       .....                  (no boots)
Stlth    ..........             (no amulet)
HPRegen  0.11/turn              (no ring)
MPRegen  0.09/turn              (no ring)

@: no status effects
A: no food or potions, fire vulnerability, cold resistance 1, negative energy
resistance 3, torment resistance, unbreathing
a: no special abilities


You were on level 4 of the Dungeon.
You were not hungry.

You visited 1 branch of the dungeon, and saw 4 of its levels.

You collected 108 gold pieces.

Inventory:

Hand Weapons
 a - a +0 long sword (weapon)
Armour
 b - a +0 scale mail (worn)
Jewellery
 g - an uncursed amulet of regeneration {unknown}
Scrolls
 c - a scroll of blinking {unknown}
 d - a scroll of identify {unknown}
 e - 2 scrolls of enchant armour {unknown}
 f - a scroll of teleportation {unknown}
 h - 2 scrolls of fear {unknown}
 i - a scroll of remove curse {unknown}


   Skills:
 + Level 3.5 Fighting
 + Level 2.6 Long Blades
 + Level 2.9 Armour
 + Level 0.3 Dodging
 + Level 0.7 Stealth
   Level 2.4 Shields


You had 3 spell levels left.
You didn't know any spells.
Your spell library was empty.

Dungeon Overview and Level Annotations

Branches:
Dungeon (4/15)
 Temple: D:4-7

Altars:
Ashenzari
Sif Muna
Yredelemnul


Innate Abilities, Weirdness & Mutations

You do not eat or drink.
Your flesh is vulnerable to fire.
You are immune to poison.
Your flesh is cold resistant. (rC+)
You are immune to negative energy. (rN+++)
You are immune to unholy pain and torment.
You can survive without breathing.


Message History

* * * LOW HITPOINT WARNING * * *
The howler monkey hoots and howls with incredible vigour!
A giant cockroach comes into view.
The howler monkey barely misses you.
You riposte.
You hit the howler monkey but do no damage.
The howler monkey is severely wounded.
The iguana misses you.
The howler monkey hoots and howls with incredible vigour!
The iguana hisses menacingly.
The howler monkey hoots and howls with incredible vigour!
The iguana barely misses you.
There is a stone staircase leading down here.
The giant cockroach closely misses you.
You riposte.
You completely miss the giant cockroach.
The howler monkey hoots and howls with incredible vigour!
You open the door.
The giant cockroach bites you but does no damage.
The giant cockroach barely misses you. The howler monkey hits you.
You die...

#..........?.#
#............#...#
#............#...#
#............#...#
#............#...#
#............#...#
#............#...#
#...........s#...#
#..........lh@...#
#...........<#...#
#............#...+
#........>...#...#
#............#####
##############


You could see a howler monkey, an iguana and a giant cockroach.

Vanquished Creatures
  An adder (D:2)
  2 oozes (D:3)
  An adder skeleton (D:3)
  2 dart slugs (D:1)
  An orc (D:3)
  4 giant cockroaches
  7 hobgoblins
  5 kobolds
  A quokka (D:2)
  A ball python (D:1)
  15 bats
  2 frilled lizards (D:3)
  9 goblins
  7 rats
58 creatures vanquished.

Notes
Turn   | Place    | Note
-------+----------+-------------------------------------------
     0 | D:1      | corax the Mummy Fighter began the quest for the Orb.
     0 | D:1      | Reached XP level 1. HP: 18/18 MP: 1/1
   122 | D:1      | Reached XP level 2. HP: 24/24 MP: 2/2
   475 | D:1      | Reached XP level 3. HP: 22/29 MP: 3/3
   765 | D:2      | Found a shattered altar of Ashenzari.
  1027 | D:2      | Found a deep blue altar of Sif Muna.
  1149 | D:3      | Found a basalt altar of Yredelemnul.
  1309 | D:3      | Reached XP level 4. HP: 27/35 MP: 4/4
  1646 | D:4      | Slain by a howler monkey

Vault maps used:
D:1:      lightli_molten_gateway
D:2:      lemuel_blue_sif_altar, ashenzari_conservatory_becter
D:3:      yredelemnul_altar_generic, chequers_ecumenical_altar_grove,
          minivault_26
D:4:      gup_sewer_entry_bowl

Skill      XL: |  1  2 |
---------------+-------+-----
Long Blades    | 2 |  2.6
Fighting       | |  3.5
Armour         | |  2.9
Dodging        | |  0.3
Stealth        | |  0.7
Shields        | |  2.4

Action                   |  1- 3 |  4- 6 || total
-------------------------+-------+-------++-------
Melee: Long sword        |   101 |    46 ||   147
Armor: Scale mail        |    75 |    38 ||   113
Dodge: Dodged            |    69 |    32 ||   101
       Rpst.: Long sword |    22 |    11 ||    33

Table legend:
 A = Spawn XP
 B = Non-spawn XP
 C = Spawn XP percentage of total XP
 D = Spawn monster count
 E = Non-spawn monster count
 F = Spawn count percentage of total count
 G = Total turns spent on level
                    A         B        C        D         E        F      G
               +---------+---------+-------+---------+---------+-------+---------
         Total |       0 |     121 |   0.0 |       0 |      58 |   0.0 |  1646
               +---------+---------+-------+---------+---------+-------+---------
           D:1 |       0 |      41 |   0.0 |       0 |      24 |   0.0 |   571
           D:2 |       0 |      20 |   0.0 |       0 |       7 |   0.0 |   565
           D:3 |       0 |      60 |   0.0 |       0 |      27 |   0.0 |   484
               +---------+---------+-------+---------+---------+-------+---------
